 Dungeon Sprint DCSS version 0.22.1-1-ga44c0e5 (webtiles) character file.

19754 KyallowQueen the Shatterer (level 12, -28/93 HPs)
             Began as a Gargoyle Berserker on Nov 2, 2018.
             Was the Champion of Trog.
             Annihilated by a white very ugly thing (53 damage)
             ... in the Dungeon (Sprint IX: "|||||||||||||||||||||||||||||").
             The game lasted 00:23:19 (2065 turns).

KyallowQueen the Shatterer (Gargoyle Berserker)     Turns: 2065, Time: 00:23:21

Health: -28/93     AC: 31    Str: 27    XL:     12   Next: 72%
Magic:  12/12      EV: 11    Int:  4    God:    Trog [******]
Gold:   1018       SH:  0    Dex: 12    Spells: 11/11 levels left

rFire    x . .     SeeInvis .   P - +9 great mace of Departure {crush, +Inv rElec rPois rF-}
rCold    . . .     Gourm    .   (shield currently unavailable)
rNeg     + . .     Faith    .   u - +1 plate armour
rPois    ∞         Spirit   .   Z - +0 helmet "Meffoy" {rElec rPois rCorr Int-3}
rElec    +         Reflect  .   I - +0 cloak
rCorr    +         Harm     .   H - +0 pair of gloves
MR       .....     NoTele   +   t - +0 pair of boots
Stlth    ..........             (no amulet)
HPRegen  0.25/turn              v - +3 ring of dexterity
MPRegen  0.13/turn              (no ring)

@: no status effects
A: negative energy resistance 1, electricity resistance, unbreathing,
petrification resistance, rot immunity, AC +8
a: Berserk, Trog's Hand, Brothers in Arms, Renounce Religion, Evoke Invisibility


You were in the Dungeon.
You worshipped Trog.
Trog was exalted by your worship.
You were not hungry.

You visited 1 branch You collected 1018 gold pieces.

Inventory:

Hand Weapons
 a - a +1 arbalest of flaming
 n - a +1 broad axe of chopping
 o - a +2 dire flail of crushing
 p - a +2 halberd of protection
 q - a +0 lajatang
 r - a +2 rapier of venom
 s - a +2 scimitar of electrocution
 z - a +3 great mace of protection
 D - a +6 great mace of holy wrath
 F - a +4 antimagic dire flail
 K - a +7 antimagic dire flail
 L - a +0 glaive
 O - the +10 dire flail "Icuhabim" {flame, Int-3 Dex+8}
   (Trog gifted it to you in the Dungeon)

   It has been specially enchanted to burn those struck by it, causing extra
   injury to most foes and up to half again as much damage against particularly
   susceptible opponents.
   It affects your intelligence (-3).
   It affects your dexterity (+8).
 P - the +9 great mace of Departure (weapon) {crush, +Inv rElec rPois rF-}
   (Trog gifted it to you in the Dungeon)

   It inflicts extra damage upon your enemies.
   It makes you vulnerable to fire.
   It insulates you from electricity.
   It protects you from poison.
   It lets you turn invisible.
 Q - a +6 antimagic quarterstaff
 R - a +6 flail of protection
 S - the +8 quarterstaff "With Two Names" {freeze, rN+ Int+3}
   (Trog gifted it to you in the Dungeon)

   It has been specially enchanted to freeze those struck by it, causing extra
   injury to most foes and up to half again as much damage against particularly
   susceptible opponents.
   It can also slow down cold-blooded creatures.
   It affects your intelligence (+3).
   It protects you from negative energy.
 T - a +4 flail of crushing
 U - a +4 antimagic great mace
 Y - the +6 hand axe of Ru's Displeasure {antimagic, *Corrode rF++ Str+2}
   (You found it in the Dungeon)

   It reduces the magical energy of the wielder, and disrupts the spells and
   magical abilities of those hit.
   Natural abilities and divine invocations are not affected.
   It affects your strength (+2).
   It greatly protects you from fire.
   It may corrode you when you take damage.
Armour
 b - a +0 animal skin
 j - a +1 helmet
 t - a +0 pair of boots (worn)
 u - a +1 plate armour (worn)
 y - a +0 troll leather armour
 H - a +0 pair of gloves (worn)
 I - a +0 cloak (worn)
 J - a +0 pair of gloves
 N - a +0 scale mail
 Z - the +0 helmet "Meffoy" (worn) {rElec rPois rCorr Int-3}
   (You found it in the Dungeon)

   It affects your intelligence (-3).
   It insulates you from electricity.
   It protects you from poison.
   It provides partial protection from all sources of acid and corrosion.
Jewellery
 v - a +3 ring of dexterity (left hand)
 w - a +3 ring of intelligence
 G - an uncursed ring of fire
 W - an uncursed ring of fire
 X - an uncursed ring of protection from magic
Wands
 m - a wand of acid (10)
 V - a wand of polymorph (7)
Scrolls
 i - 3 scrolls of blinking
 l - 4 scrolls of remove curse
 B - a scroll of magic mapping
 C - a scroll of identify
 E - 7 scrolls of fear
Potions
 d - 7 potions of curing
 e - 5 potions of heal wounds
 f - 2 potions of haste
 g - 4 potions of magic
 h - 2 potions of berserk rage
 k - a potion of invisibility
 x - 3 potions of brilliance
 A - a potion of agility
Comestibles
 c - 9 rations


   Skills:
 + Level 18.7 Fighting
 + Level 21.7 Maces & Flails
 + Level 11.6 Armour
 + Level 6.6 Dodging


You had 11 spell levels left.
You didn't know any spells.
Your spell library was empty.

Dungeon Overview and Level Annotations

Branches:
Dungeon (1/1)

Altars:
Cheibriados
Dithmenos
Elyvilon
Fedhas
Gozag
Hepliaklqana
Kikubaaqudgha
Makhleb
Nemelex Xobeh
Okawaru
Qazlal
Ru
Sif Muna
Trog
Uskayaw
Vehumet
Wu Jian
Xom
Yredelemnul
Zin
The Shining One
Beogh
Jiyva
Lugonu

Shops:
D ?:}[


Innate Abilities, Weirdness & Mutations

You are resistant to torment.
Your stone body is resilient. (AC +8)
You are immune to poison.
You resist negative energy. (rN+)
You are resistant to electric shocks. (rElec)
You can survive without breathing.
You are immune to petrification.
You are immune to rotting.


Message History

Press: ? - help, Shift-Dir - straight line, f/p - white very ugly thing
Aim: a white very ugly thing You throw a throwing net.
The throwing net barely misses the white very ugly thing.
The throwing net hits the sphinx.
The deep troll earth mage shouts!
The deep troll earth mage points at you and mumbles some strange words.
You shatter!
* * * LOW HITPOINT WARNING * * *
The sphinx struggles against the net. x2
You feel much better.
The sphinx struggles against the net.
You feel much better. The white very ugly thing punches you.
The white very ugly thing freezes you!!
The sphinx struggles against the net.
You hammer the white very ugly thing like a gong!!!
The white very ugly thing is heavily wounded.
The white very ugly thing punches you!
* * * LOW HITPOINT WARNING * * *
The white very ugly thing freezes you!!!
Ouch! That really hurt!
You die...

▓.▓.▓.▓.▓.▓.▓_▓
▓.▓.▓.▓.▓.▓.▓_▓
▓?▓.▓)▓(▓.▓.▓_▓
▓(▓.▓)▓.▓'▓.▓'▓
▓)▓.▓)▓.▓.▓.▓.▓
▓)▓.▓)▓.▓.▓.▓?▓
▓)▓.▓)▓.▓.▓.▓|▓
▓)▓.▓)▓.▓.▓.▓.▓
▓@▓.▓∩▓.▓.▓.▓.▓
▓u▓.▓)▓.▓.▓.▓.▓
▓.▓.▓∩▓.▓.▓.▓.▓
▓.▓)▓$▓.▓.▓.▓.▓
▓.▓.▓∩▓.▓)▓.▓.▓
▓.▓.▓)▓.▓.▓.▓)▓
▓H▓.▓∩▓.▓.▓.▓.▓
▓T▓.▓.▓.▓.▓.▓.▓
▓.▓.▓.▓.▓'▓.▓.▓


You could see a white very ugly thing, a sphinx (caught) and a deep troll earth
mage.

Vanquished Creatures
  A vampire knight (D)
  3 dire elephants (D)
  Josephine (D)
  A hydra (D)
  A centaur warrior (D)
  4 orc high priests (D)
  A flayed ghost (D)
  3 orc knights (D)
  An ugly thing (D)
  3 orc sorcerers (D)
  A manticore (D)
  5 elephants (D)
  A black mamba (D)
  Joseph (D)
  Psyche (D)
  2 spiny frogs (D)
  A komodo dragon (D)
  A yaktaur (shapeshifter) (D)
  2 trolls (D)
  2 hippogriffs (D)
  3 wraiths (D)
  A wyvern (D)
  A yak (D)
  A basilisk (D)
  An acid dragon (D)
  A water moccasin (D)
  4 porcupines (D)
  An eye of draining (D)
  8 orc warriors (D)
  2 ogres (D)
  A crocodile (D)
  3 bullfrogs (D)
  A scorpion (D)
  A howler monkey (D)
  A crimson imp (D)
  6 orc wizards (D)
  4 orc priests (D)
  2 worker ants (D)
  An adder (D)
  An adder zombie (D)
  An adder skeleton (D)
  A leopard gecko (D)
  10 orcs (D)
  A bat zombie (D)
  2 giant cockroaches (D)
  A goblin (D)
  A jackal (D)
  A frilled lizard (D)
  2 giant cockroach zombies (D)
  A jackal zombie (D)
  A quokka skeleton (D)
102 creatures vanquished.

Vanquished Creatures (collateral kills)
  Harold (D)
  A wraith (D)
2 creatures vanquished.

Grand Total: 104 creatures vanquished

Notes
Turn   | Place    | Note
-------+----------+-------------------------------------------
     0 | D        | KyallowQueen the Gargoyle Berserker began the quest for the
                  | Orb.
     0 | D        | Reached XP level 1. HP: 14/14 MP: 1/1
    17 | D        | Reached ** piety under Trog
    21 | D        | Reached XP level 2. HP: 20/20 MP: 2/2
    79 | D        | Noticed a crimson imp
    83 | D        | Reached skill level 5 in Fighting
    83 | D        | Reached skill level 4 in Maces & Flails
    83 | D        | Reached XP level 3. HP: 26/26 MP: 3/3
    88 | D        | Reached *** piety under Trog
    88 | D        | Reached skill level 5 in Maces & Flails
    89 | D        | Reached skill level 6 in Maces & Flails
    89 | D        | Reached XP level 4. HP: 32/32 MP: 4/4
    94 | D        | Reached **** piety under Trog
   263 | D        | Found a roughly hewn altar of Beogh.
   263 | D        | Found a snail-covered altar of Cheibriados.
   263 | D        | Found a shadowy altar of Dithmenos.
   263 | D        | Found a white marble altar of Elyvilon.
   263 | D        | Found a blossoming altar of Fedhas.
   263 | D        | Found an opulent altar of Gozag.
   264 | D        | Found a hazy altar of Hepliaklqana.
   265 | D        | Found a viscous altar of Jiyva.
   266 | D        | Found an ancient bone altar of Kikubaaqudgha.
   267 | D        | Found a corrupted altar of Lugonu.
   268 | D        | Found a burning altar of Makhleb.
   269 | D        | Found a sparkling altar of Nemelex Xobeh.
   270 | D        | Found an iron altar of Okawaru.
   271 | D        | Found a stormy altar of Qazlal.
   272 | D        | Found a sacrificial altar of Ru.
   273 | D        | Found a deep blue altar of Sif Muna.
   274 | D        | Found a bloodstained altar of Trog.
   275 | D        | Found a hide-covered altar of Uskayaw.
   276 | D        | Found a radiant altar of Vehumet.
   277 | D        | Found an ornate altar of the Wu Jian Council.
   278 | D        | Found a shimmering altar of Xom.
   279 | D        | Found a basalt altar of Yredelemnul.
   280 | D        | Found a glowing silver altar of Zin.
   281 | D        | Found a glowing golden altar of the Shining One.
   343 | D        | Noticed an ogre
   343 | D        | Noticed an ogre
   349 | D        | Killed an ogre
   349 | D        | Reached skill level 7 in Maces & Flails
   349 | D        | Reached XP level 5. HP: 39/39 MP: 5/5
   353 | D        | Killed an ogre
   353 | D        | Reached ***** piety under Trog
   353 | D        | Reached skill level 9 in Maces & Flails
   353 | D        | Reached XP level 6. HP: 45/45 MP: 6/6
   363 | D        | Noticed a purple ugly thing
   363 | D        | Noticed a troll
   363 | D        | Noticed a yaktaur
   363 | D        | Noticed an acid dragon
   375 | D        | Killed a purple ugly thing
   375 | D        | Received a gift from Trog
   375 | D        | Reached skill level 10 in Fighting
   375 | D        | Reached skill level 11 in Maces & Flails
   375 | D        | Reached skill level 5 in Armour
   375 | D        | Reached XP level 7. HP: 53/53 MP: 7/7
   379 | D        | Killed a troll
   379 | D        | Reached skill level 12 in Maces & Flails
   379 | D        | Reached XP level 8. HP: 60/60 MP: 8/8
   382 | D        | Killed a yaktaur
   386 | D        | Received a gift from Trog
   666 | D        | Noticed a spiny frog
   670 | D        | Reached skill level 13 in Maces & Flails
   672 | D        | Noticed a spiny frog
   682 | D        | Killed a spiny frog
   682 | D        | Reached skill level 5 in Dodging
   682 | D        | Reached XP level 9. HP: 59/67 MP: 9/9
   689 | D        | Reached skill level 14 in Maces & Flails
   697 | D        | Killed a spiny frog
   697 | D        | Received a gift from Trog
   838 | D        | Noticed a black mamba
   839 | D        | Noticed a five-headed hydra
   840 | D        | Reached skill level 15 in Maces & Flails
   842 | D        | Reached ****** piety under Trog
   849 | D        | Killed a black mamba
   849 | D        | Received a gift from Trog
   852 | D        | Reached XP level 10. HP: 66/74 MP: 10/10
   860 | D        | Killed a five-headed hydra
   860 | D        | Reached skill level 16 in Maces & Flails
   915 | D        | Noticed an elephant
   915 | D        | Noticed a dire elephant
   915 | D        | Noticed an elephant
   915 | D        | Noticed a dire elephant
   915 | D        | Noticed an elephant
   915 | D        | Noticed a dire elephant
   916 | D        | Noticed an elephant
   924 | D        | Killed a dire elephant
   924 | D        | Reached skill level 17 in Maces & Flails
   932 | D        | Killed a dire elephant
   932 | D        | Reached skill level 15 in Fighting
   937 | D        | Killed a dire elephant
   937 | D        | Received a gift from Trog
   937 | D        | Reached skill level 18 in Maces & Flails
   937 | D        | Reached XP level 11. HP: 35/82 MP: 11/11
   963 | D        | Reached skill level 19 in Maces & Flails
  1324 | D        | Noticed Harold
  1338 | D        | Killed Harold
  1338 | D        | Received a gift from Trog
  1349 | D        | Noticed Josephine
  1363 | D        | Killed Josephine
  1373 | D        | Received a gift from Trog
  1376 | D        | Got a fine dire flail {god gift}
  1378 | D        | Identified the +10 dire flail "Icuhabim" {flame, Int-3
                  | Dex+8} (Trog gifted it to you in the Dungeon)
  1480 | D        | Received a gift from Trog
  1481 | D        | Got an ebony great mace {god gift}
  1494 | D        | Received a gift from Trog
  1650 | D        | Noticed an orc knight
  1650 | D        | Noticed an orc sorcerer
  1654 | D        | Noticed an orc high priest
  1659 | D        | Killed an orc knight
  1662 | D        | Killed an orc sorcerer
  1662 | D        | Received a gift from Trog
  1662 | D        | Reached skill level 20 in Maces & Flails
  1667 | D        | Noticed an orc sorcerer
  1677 | D        | Killed an orc high priest
  1684 | D        | Received a gift from Trog
  1687 | D        | Got an encrusted quarterstaff {god gift}
  1688 | D        | Killed an orc sorcerer
  1688 | D        | Reached skill level 10 in Armour
  1688 | D        | Reached XP level 12. HP: 85/91 MP: 12/12
  1721 | D        | Identified the +9 great mace of Departure {crush, +Inv
                  | rElec rPois rF-} (Trog gifted it to you in the Dungeon)
  1722 | D        | Identified the +8 quarterstaff "With Two Names" {freeze,
                  | rN+ Int+3} (Trog gifted it to you in the Dungeon)
  1726 | D        | Found Laj Weloemue's Magic Scroll Emporium.
  1727 | D        | Noticed an orc high priest
  1728 | D        | Noticed an orc high priest
  1730 | D        | Found Ujuariur's Book Shoppe.
  1738 | D        | Received a gift from Trog
  1741 | D        | Found Baroynuwk's Gadget Emporium.
  1746 | D        | Killed an orc high priest
  1748 | D        | Killed an orc high priest
  1749 | D        | Found Sitausho's Antique Armour Shoppe.
  1752 | D        | Noticed an orc high priest
  1769 | D        | Killed an orc high priest
  1769 | D        | Received a gift from Trog
  1769 | D        | Reached skill level 21 in Maces & Flails
  1825 | D        | Noticed Joseph
  1860 | D        | Killed Joseph
  1886 | D        | Noticed Psyche
  1897 | D        | Killed Psyche
  1971 | D        | Got the +6 hand axe of Ru's Displeasure {antimagic,
                  | *Corrode rF++ Str+2}
  1982 | D        | Got the +0 helmet "Meffoy" {rElec rPois rCorr Int-3}
  2011 | D        | Noticed a centaur warrior
  2019 | D        | Killed a centaur warrior
  2019 | D        | Received a gift from Trog
  2033 | D        | Noticed a vampire knight
  2048 | D        | Killed a vampire knight
  2048 | D        | Received a gift from Trog
  2058 | D        | Noticed a white very ugly thing
  2059 | D        | Noticed a sphinx
  2061 | D        | Noticed a deep troll earth mage
  2065 | D        | Annihilated by a white very ugly thing

Skill      XL: |  1  2  3  4  5  6  7  8  9 10 11 12 |
---------------+-------------------------------------+-----
Fighting       | 4 5 6 8 10 11 12 13 15 17 18 | 18.7
Maces & Flails | 4 6 7 9 11 12 13 15 18 20 21 | 21.7
Armour         | 3 4 5 6 7 8 10 11 | 11.6
Dodging        | 2 3 4 5 6 |  6.6

Action                   |  1- 3 |  4- 6 |  7- 9 | 10-12 || total
-------------------------+-------+-------+-------+-------++-------
Melee: Mace              |    24 |     5 |       |       ||    29
       Dire flail        |       |    20 |     8 |    55 ||    83
       Great mace        |       |       |    47 |   153 ||   200
Throw: Throwing net      |       |       |       |     2 ||     2
Invok: Berserk           |     2 |     1 |       |     4 ||     7
       Brothers in Arms  |       |       |       |     1 ||     1
  Use: Scroll            |       |       |     4 |       ||     4
       Potion            |       |       |       |     2 ||     2
  Eat: Chunk             |       |       |     3 |     3 ||     6
       Ration            |       |       |       |     2 ||     2
Armor: Animal skin       |     2 |     1 |       |       ||     3
       Plate armour      |       |     7 |    33 |   132 ||   172
Dodge: Dodged            |     9 |     4 |    16 |    77 ||   106
